 Dungeon Crawl Stone Soup version 0.28.0-45-g0d030f2227 (console) character file.

Game seed: 7358807162055744356

42 Zeor the Chopper (level 3, -3/33 HPs)
             Began as a Deep Dwarf Berserker on Apr 2, 2022.
             Was a Believer of Trog.
             Splashed by a jelly's acid (6 damage)
             ... on level 3 of the Dungeon on Apr 3, 2022.
             The game lasted 00:04:38 (1464 turns).

Zeor the Chopper (Deep Dwarf Berserker)             Turns: 1464, Time: 00:04:39

Health: -3/33      AC: -1    Str: 22    XL:     3   Next: 35%
Magic:  2/2        EV: 12    Int:  7    God:    Trog [**....]
Gold:   109        SH:  0    Dex: 12    Spells: 2/2 levels left

rFire   . . .      SeeInvis .   a - +0 hand axe
rCold   . . .      Faith    .   (no shield)
rNeg    . . .      Spirit   .   b - +0 animal skin
rPois   .          Reflect  .   (no helmet)
rElec   .          Harm     .   (no cloak)
rCorr   .          Rampage  .   (no gloves)
Will    .....                   (no boots)
Stlth   +.........              (no amulet)
HPRegen 0.00/turn               (no ring)
MPRegen 0.08/turn               (no ring)

@: corroded
A: damage resistance, heal wounds, sense surroundings 1, no regeneration
a: Heal Wounds, Renounce Religion, Berserk, Trog's Hand


You were on level 3 of the Dungeon.
You worshipped Trog.
Trog was pleased with you.
You visited 1 branch of the dungeon, and saw 3 of its levels.

You collected 109 gold pieces.

Inventory:

Hand Weapons
 a - a +0 hand axe (weapon)
Missiles
 g - 6 boomerangs (quivered)
Armour
 b - a +0 animal skin (worn)
 c - a +0 kite shield
Potions
 d - a potion of invisibility {unknown}
 e - 2 potions of heal wounds {unknown}
 f - 2 potions of curing {unknown}
 h - a potion of cancellation {unknown}


   Skills:
 + Level 2.9 Fighting
 * Level 4.4 Axes
 + Level 2.3 Armour
 + Level 2.6 Dodging


You had 2 spell levels left.
You didn't know any spells.
Your spell library was empty.

Dungeon Overview and Level Annotations

Branches:
Dungeon (3/15)

Altars:


Innate Abilities, Weirdness & Mutations

You are resistant to damage.
You can heal yourself by infusing magical energy.
You passively map a small area around you.
You do not regenerate.


Message History

Done exploring.
Things that are here:
a +0 dagger; a goblin skeleton
Things that are here:
a +0 dagger; a goblin skeleton You open the door.
There is an open door here.
There is a stone staircase leading down here.
You climb downwards.
There is a stone staircase leading up here.
A jelly comes into view.
Found 15 gold pieces.
The jelly quivers.
A goblin and a kobold come into view.
The goblin shouts!
The kobold shouts!
The jelly closely misses you.
You hit the jelly but do no damage. The acid corrodes you!
Your hands burn!
The goblin unwields a +0 club.
The goblin wields a +0 hunting sling.
The goblin shoots a stone.
The stone hits you. The jelly hits you.
You are splashed with acid!
* * * LOW HITPOINT WARNING * * *
You are too injured to fight recklessly!
Your magical essence is drained by the effort!
You feel much better. The jelly hits you.
You are splashed with acid!
You barely miss the jelly. The jelly barely misses you.
You hit the jelly.
Your hands burn!
The jelly is lightly wounded.
The jelly hits you.
You are splashed with acid!
* * * LOW HITPOINT WARNING * * *
You hit the jelly.
Your hands burn!
* * * LOW HITPOINT WARNING * * *
The jelly is moderately wounded.
The jelly misses you.
You hit the jelly but do no damage.
Your hands burn!
* * * LOW HITPOINT WARNING * * *
The jelly is moderately wounded.
The jelly hits you.
* * * LOW HITPOINT WARNING * * *
You are splashed with acid!
You die...

· ░░ · ▒∙∙∙ ∙∙∙
· · ▒∙∙▒▒▒∙∙∙ ░
▒∙∙∙∙·∙∙∙ ·
▒∙∙∙▒░▒∙▒·▒ ·▒
▒∙∙∙▒ ▒∙▒∙▒ ∙∙▒
▒∙∙∙▒ ▒∙▒∙▒∙∙∙▒
▒∙∙∙▒▒▒g∙$∙∙∙∙∙
· ·
▒<∙∙∙gJK∙∙∙∙∙∙∙
▒∙▒∙▒▒▒▒∙▒▒∙∙∙▒
▒∙▒∙▒ ∙▒ ▒· · ·
▒∙▒∙▒ ░∙▒░· ·░
▒∙∙∙∙···∙∙··· ·
▒▒▒∙▒ ░ ∙g · ·
▒∙∙ ∙∙∙ ▒▒▒ ▒▒▒


You could see a jelly, a goblin and a kobold.

Vanquished Creatures
  3 dart slugs
  2 ball pythons
  3 endoplasms (D:1)
  2 giant cockroaches
  8 goblins
  2 hobgoblins
  A jackal (D:1)
  3 bats (D:1)
  4 frilled lizards
  2 kobolds
  2 rats (D:2)
32 creatures vanquished.

Vanquished Creatures (collateral kills)
  A bat (D:1)
1 creature vanquished.

Grand Total: 33 creatures vanquished

Notes
Turn   | Place    | Note
-------+----------+-------------------------------------------
     0 | D:1      | Zeor the Deep Dwarf Berserker began the quest for the Orb.
     0 | D:1      | Reached XP level 1. HP: 20/20 MP: 1/1
   153 | D:1      | Reached XP level 2. HP: 22/27 MP: 2/2
   256 | D:1      | Reached skill level 4 in Axes
   978 | D:2      | Reached XP level 3. HP: 28/33 MP: 3/3
  1139 | D:2      | Reached ** piety under Trog
  1464 | D:3      | Splashed by a jelly's acid

Illustrated notes

Levels and vault maps discovered:
D:1:      tarquinn_simple_flora_water_e, layout_basic,
          chequers_serial_rivers_small_a, minmay_misc_feat_square,
          minmay_split_cup_small
D:2:      layout_basic
D:3:      layout_loops_ring, serial_shops, nicolae_shop_stone,
          hellmonk_ecumenical_altar_pennies_from_heaven, nrook_loot_triangle

Skill      XL: |  1  2 |
---------------+-------+-----
Axes           | 4 |  4.4
Fighting       | |  2.9
Armour         | |  2.3
Dodging        | |  2.6

Action                   || total
-------------------------++-------
Melee: Hand axe          ||    95
 Abil: Heal Wounds       ||     2
  Use: Scroll            ||     5
Armor: Animal skin       ||    23
Dodge: Dodged            ||    65
